[Event "ICC Open 2015"]
[Site "Internet Chess Club"]
[Date "2015.05.30"]
[Round "10"]
[White "Svinotigr"]
[Black "El-Flippo"]
[Result "1-0"]
[ICCResult "Black forfeits on time"]
[WhiteElo "1701"]
[BlackElo "1438"]
[Opening "Réti opening"]
[ECO "A04"]
[NIC "QP.10"]
[Time "20:37:03"]
[TimeControl "180+0"]

1. Nf3 c5 2. d3 d5 3. Nbd2 Nc6 4. e4 e6 5. Qe2 d4 6. g3 e5 7. Bg2 Be7 8. O-O
h6 9. h4 Nf6 10. Re1 Bg4 11. a3 Qd7 12. Nc4 Bd6 13. Qf1 Bc7 14. Nh2 Be6 15.
Nd2 O-O 16. Qe2 Ng4 17. Ndf3 Rae8 18. Bd2 f5 19. exf5 Rxf5 20. Nxg4 e4 21.
dxe4 Rh5 22. Ngh2 Bf7 23. Bh3 Qd6 24. Bg4 Rhe5 25. Nxe5 Nxe5 26. Bf4 Qf6 27.
Bh3 d3 28. cxd3 g5 29. hxg5 hxg5 30. Bd2 c4 31. dxc4 {Black forfeits on
time} 1-0

[Event "ICC Open 2015"]
[Site "Internet Chess Club"]
[Date "2015.05.30"]
[Round "10"]
[White "Redbaron"]
[Black "DropZone"]
[Result "1-0"]
[ICCResult "Black forfeits on time"]
[WhiteElo "2455"]
[BlackElo "2073"]
[Opening "Old Benoni defense"]
[ECO "A43"]
[NIC "OI.08"]
[Time "20:36:39"]
[TimeControl "180+0"]

1. d4 c5 2. d5 Nf6 3. Nc3 d6 4. e4 g6 5. Be2 Bg7 6. Nf3 O-O 7. h3 Na6 8. O-O
Nc7 9. a4 b6 10. Bf4 Bb7 11. Qd2 a6 12. Rfe1 b5 13. axb5 Nxb5 14. Bxb5 axb5
15. Rxa8 Qxa8 16. Nxb5 Qa4 17. Nc3 Qb4 18. e5 Nxd5 19. Nxd5 Bxd5 20. Qxb4
cxb4 21. exd6 exd6 22. Bxd6 Rc8 23. Bxb4 Bxf3 24. gxf3 Bxb2 25. c3 Rd8 26.
Re2 Rd1+ 27. Kg2 Bc1 28. c4 Bf4 29. Bc3 f5 30. Re7 Rc1 31. Rg7+ Kf8 32. Bf6
Rxc4 33. Rxh7 Rc6 34. Bb2 g5 35. Rb7 Rc7 36. Rb5 Rf7 37. Ba3+ Kg7 38. Bb2+
Kg6 39. Rb6+ Kh7 40. Re6 Rc7 41. Be5 Bxe5 42. Rxe5 Kg6 43. Re6+ Kh5 44. Rf6
Rc5 45. Rf8 f4 46. Rh8+ Kg6 47. Rg8+ Kh5 48. Ra8 Kg6 49. Ra6+ Kh5 50. Rc6
{Black forfeits on time}
1-0

[Event "ICC Open 2015"]
[Site "Internet Chess Club"]
[Date "2015.05.30"]
[Round "10"]
[White "Caminator"]
[Black "Champion"]
[Result "1-0"]
[ICCResult "Black forfeits on time"]
[WhiteElo "2159"]
[BlackElo "1924"]
[Opening "English, 1...Nf6 (Anglo-Indian defense)"]
[ECO "E08"]
[NIC "RE.11"]
[Time "20:36:40"]
[TimeControl "180+0"]

1. c4 Nf6 2. g3 e6 3. Bg2 d5 4. Nf3 c6 5. O-O Be7 6. d4 O-O 7. Qc2 Nbd7 8.
Nc3 Re8 9. Nd2 Nf8 10. e4 dxe4 11. Ndxe4 Ng6 12. Rd1 Qc7 13. h4 Bf8 14.
Nxf6+ gxf6 15. Ne4 Bg7 16. h5 Ne7 17. Bf4 e5 18. dxe5 fxe5 19. Nd6 Rd8 20.
Nxc8 Raxc8 21. Bg5 f6 22. Bh4 h6 23. Bh3 Rxd1+ 24. Rxd1 Rd8 25. Be6+ Kh8 26.
Rd2 Rd4 27. Rxd4 exd4 28. Qd2 Qe5 29. Bg4 c5 30. b3 Nc6 31. Bf3 Nb4 32. a3
Nc6 33. Kg2 f5 34. Qd3 Kg8 35. Bd5+ Kh7 36. Bxc6 bxc6 37. f3 Kg8 38. g4 fxg4
39. fxg4 Qf4 40. Qg6 Qd2+ 41. Bf2 Qf4 42. Qe8+ Bf8 43. Qe6+ Kg7 44. Qg6+ Kh8
45. Qxc6 Qxg4+ 46. Kf1 Qd1+ 47. Be1 Qd3+ 48. Kg1 Qe3+ 49. Bf2 Qg5+ 50. Kf1
Bg7 51. Qc8+ Kh7 52. Qe8 d3 53. Qe4+ Kg8 54. Qxd3 Qc1+ 55. Kg2 Qg5+ 56. Bg3
Be5 57. Qd5+ Kg7 58. Qxe5+ Qxe5 59. Bxe5+ Kf7 60. Bb8 Ke6 61. Bxa7 Kf5 62.
Bxc5 Kg5 63. Bf8 Kxh5 64. Bxh6 Kg6 65. Be3 {Black forfeits on time} 1-0

[Event "ICC Open 2015"]
[Site "Internet Chess Club"]
[Date "2015.05.30"]
[Round "10"]
[White "Cave-Man"]
[Black "marcocoimbra"]
[Result "1-0"]
[ICCResult "Black forfeits on time"]
[WhiteElo "1843"]
[BlackElo "1430"]
[Opening "Sicilian: Najdorf, Opocensky variation"]
[ECO "B92"]
[NIC "SI.10"]
[Time "20:36:29"]
[TimeControl "180+0"]

1. e4 c5 2. Nf3 d6 3. d4 cxd4 4. Nxd4 Nf6 5. Nc3 a6 6. Be2 e5 7. Nb3 Be6 8.
Be3 Nbd7 9. O-O Rc8 10. f4 b5 11. f5 Bc4 12. Bxc4 Rxc4 13. Nd2 Rc8 14. Bg5
Be7 15. Kh1 h6 16. Bh4 Qc7 17. a3 O-O 18. Qe2 Kh7 19. Bf2 Nb6 20. Rac1 Nc4
21. Nxc4 Qxc4 22. Qf3 b4 23. Nd5 Nxd5 24. exd5 bxa3 25. bxa3 Bf6 26. Rfe1
Rb8 27. Re4 Qb5 28. Bh4 Qxd5 29. Bxf6 gxf6 30. Qe2 Rg8 31. Rd1 Qb5 32. Qd2
Rbd8 33. Rh4 Rg5 34. Qe3 Qc5 35. Qh3 Kg7 36. Rxh6 Kf8 37. Rxf6 Ke7 38. Rh6
Rdg8 39. f6+ Kd8 40. Rh8 Rxh8 41. Qxh8+ Kd7 42. Qf8 Ke6 43. Qe7+ Kf5 44.
Rf1+ Kg6 45. Qf8 Qxc2 46. Qg8+ Kh5 47. Qh7+ Kg4 48. Qxc2 Kh5 49. Qd1+ Kg6
50. Qxd6 Rf5 51. Rxf5 Kxf5 52. Qe7 e4 53. Qxf7 Kf4 54. Qe7 e3 55. f7
{Black forfeits on time}
1-0

[Event "ICC Open 2015"]
[Site "Internet Chess Club"]
[Date "2015.05.30"]
[Round "10"]
[White "oskarchess"]
[Black "wagnerbi"]
[Result "1-0"]
[ICCResult "Black checkmated"]
[WhiteElo "1851"]
[BlackElo "1956"]
[Opening "English opening"]
[ECO "A05"]
[NIC "EO.52"]
[Time "20:36:41"]
[TimeControl "180+0"]

1. Nf3 Nf6 2. c4 g6 3. Nc3 d5 4. cxd5 Nxd5 5. g3 Nxc3 6. bxc3 Bg7 7. Bg2 c5
8. O-O Nc6 9. Rb1 Qc7 10. Qa4 Bd7 11. Qh4 O-O 12. Rd1 e5 13. d3 Be6 14. Bh6
f6 15. Bxg7 Qxg7 16. Qa4 a6 17. Nd2 Rfc8 18. Ne4 b5 19. Qc2 Nd8 20. Nd6 Rcb8
21. Bxa8 Rxa8 22. d4 c4 23. d5 Bh3 24. a4 Qd7 25. Ne4 Kg7 26. axb5 axb5 27.
Nc5 Qe8 28. d6 Ra7 29. d7 Bxd7 30. Ra1 Rc7 31. Ne4 Bc6 32. Nd6 Qe6 33. Nxb5
Bxb5 34. Rxd8 Bc6 35. Rad1 Qh3 36. f3 h5 37. Qd2 e4 38. Qd6 exf3 39. Qxc7+
Kh6 40. Rh8+ Kg5 41. Qf4# {Black checkmated} 1-0

[Event "ICC Open 2015"]
[Site "Internet Chess Club"]
[Date "2015.05.30"]
[Round "10"]
[White "FZI88"]
[Black "karaivosa"]
[Result "0-1"]
[ICCResult "White forfeits on time"]
[WhiteElo "2210"]
[BlackElo "2298"]
[Opening "French: Tarrasch, closed variation"]
[ECO "C05"]
[NIC "FR.16"]
[Time "20:36:32"]
[TimeControl "180+0"]

1. e4 e6 2. d4 d5 3. Nd2 Nf6 4. e5 Nfd7 5. c3 c5 6. f4 Nc6 7. Ndf3 cxd4 8.
cxd4 Qb6 9. a3 Be7 10. b4 a6 11. Bb2 f6 12. Bd3 O-O 13. Ne2 Qd8 14. h4 Nb6
15. Qc2 f5 16. g4 Bd7 17. gxf5 exf5 18. h5 Rc8 19. Qb3 Be6 20. Kf2 Na7 21.
Rac1 Qd7 22. Rhg1 Kh8 23. Ng5 Bg8 24. h6 gxh6 25. Nf3 Nc4 26. Ng3 Be6 27.
Nh5 Rg8 28. Nf6 Bxf6 29. exf6 Qf7 30. Bxc4 dxc4 31. d5 Bxd5 32. Ne5 cxb3 33.
Nxf7+ Bxf7 34. Be5 Rc2+ 35. Rxc2 bxc2 36. Rc1 Rc8 37. Ke3 Nb5 38. a4 Na3 39.
Kd4 Rc4+ 40. Kd3 Rxb4 41. Bd6 Rb3+ 42. Kd2 Nc4+ 43. Kxc2 Nxd6
{White forfeits on time}
0-1

[Event "ICC Open 2015"]
[Site "Internet Chess Club"]
[Date "2015.05.30"]
[Round "10"]
[White "holderlin"]
[Black "paulmagriel"]
[Result "0-1"]
[ICCResult "White forfeits on time"]
[WhiteElo "1732"]
[BlackElo "2042"]
[Opening "Caro-Kann: advance variation"]
[ECO "B12"]
[NIC "CK.02"]
[Time "20:37:38"]
[TimeControl "180+0"]

1. e4 c6 2. d4 d5 3. e5 c5 4. c4 cxd4 5. Qxd4 Nc6 6. Qxd5 Qc7 7. Nf3 Bf5 8.
Nc3 a6 9. Ng5 e6 10. Qf3 Nd4 11. Qf4 Nc2+ 12. Kd1 Nxa1 13. g4 Bg6 14. Nge4
O-O-O+ 15. Ke1 Nc2+ 16. Ke2 Qxc4+ 17. Kf3 Ne1+ 18. Kg3 Rd3+ 19. f3 Bxe4 20.
Qxe4 Qxe4 21. Nxe4 Rxf3+ {White forfeits on time} 0-1

[Event "ICC Open 2015"]
[Site "Internet Chess Club"]
[Date "2015.05.30"]
[Round "10"]
[White "anan"]
[Black "Moritex"]
[Result "0-1"]
[ICCResult "White forfeits on time"]
[WhiteElo "1567"]
[BlackElo "1746"]
[Opening "KP: Nimzovich defense"]
[ECO "B00"]
[NIC "VO.06"]
[Time "20:37:26"]
[TimeControl "180+0"]

1. e4 Nc6 2. d4 d5 3. e5 Bf5 4. c3 f6 5. Nf3 Qd7 6. Bd3 fxe5 7. dxe5 Bxd3 8.
Qxd3 e6 9. O-O Nge7 10. Bg5 Ng6 11. Re1 Be7 12. Nbd2 Bxg5 13. Nxg5 O-O 14.
Ndf3 Rf5 15. c4 h6 16. Nh3 Ncxe5 17. Nxe5 Nxe5 18. Qe2 Nxc4 19. Qxe6+ Qxe6
20. Rxe6 Raf8 21. Rc1 c6 22. b3 Re5 23. Rxe5 Nxe5 24. Re1 Nd3 25. Re2 Kf7
26. f3 Re8 27. Rxe8 Kxe8 {White forfeits on time} 0-1

[Event "ICC Open 2015"]
[Site "Internet Chess Club"]
[Date "2015.05.30"]
[Round "10"]
[White "CapitalG"]
[Black "Tyrel"]
[Result "1-0"]
[ICCResult "Black forfeits on time"]
[WhiteElo "2687"]
[BlackElo "2113"]
[Opening "Pirc defense"]
[ECO "B07"]
[NIC "PU.08"]
[Time "20:37:12"]
[TimeControl "180+0"]

1. e4 d6 2. d4 Nf6 3. Nc3 Nbd7 4. g4 h6 5. f3 e5 6. Be3 c6 7. a4 Be7 8. Qd2
Qa5 9. Nge2 d5 10. exd5 cxd5 11. Bg2 e4 12. fxe4 Nxg4 13. Nxd5 Bh4+ 14. Ng3
Qd8 15. Bf4 O-O 16. O-O Nb6 17. Nc7 g5 18. Nxa8 gxf4 19. Nxb6 fxg3 20. Nxc8
gxh2+ 21. Kh1 Qxc8 22. e5 Qd7 23. Qf4 Bg5 24. Qf5 Qxf5 25. Rxf5 Ne3 26. Rf2
Ng4 27. Re2 Rd8 28. c3 b6 29. Bh3 Ne3 30. Kxh2 Bf4+ 31. Kh1 Kf8 32. Bg2 Ke7
33. Be4 Rg8 34. Rg1 Rc8 35. Bd3 h5 36. Rg7 Rh8 37. Rf2 Bh6 38. Rfxf7+ Kd8
39. Rd7+ Ke8 40. Rgf7 Rf8 41. Bg6 Rxf7 42. Rxf7 Kd8 43. e6 Bg5 44. Rd7+ Kc8
45. Rh7 {Black forfeits on time} 1-0

[Event "ICC Open 2015"]
[Site "Internet Chess Club"]
[Date "2015.05.30"]
[Round "10"]
[White "MichaelBluth"]
[Black "unkavalo"]
[Result "1/2-1/2"]
[ICCResult "Black stalemated"]
[WhiteElo "2366"]
[BlackElo "2536"]
[Opening "English opening"]
[ECO "A05"]
[NIC "QP.11"]
[Time "20:36:20"]
[TimeControl "180+0"]

1. Nf3 Nf6 2. c4 d6 3. d4 Bg4 4. Ng1 e5 5. f3 Bh5 6. d5 e4 7. Nc3 exf3 8.
gxf3 Be7 9. Be3 O-O 10. Qd2 Re8 11. O-O-O a6 12. Nh3 b5 13. Nf4 bxc4 14. Bd4
Nbd7 15. e4 Bxf3 16. Be2 Bxh1 17. Rxh1 Ne5 18. Rg1 Ng6 19. Bxc4 Nd7 20. Nh5
Nde5 21. Be2 f6 22. h4 c5 23. dxc6 Nxc6 24. Nxg7 Kxg7 25. h5 Ne5 26. Nd5
Rc8+ 27. Kb1 Qd7 28. hxg6 hxg6 29. Bxa6 Nf3 30. Qe3 Nxg1 31. Bxc8 Qxc8 32.
Qxg1 Qh3 33. a3 Qd3+ 34. Ka1 Qxe4 35. Nc3 Qf5 36. Qg2 Bf8 37. Qc6 Re1+ 38.
Ka2 Qe6+ 39. b3 Qf7 40. a4 g5 41. a5 d5 42. a6 Bb4 43. a7 Bxc3 44. Qxc3 Re2+
45. Kb1 Qb7 46. Bxf6+ Kf7 47. Bxg5 d4 48. Qc4+ Kg6 49. Qxe2 Qxa7 50. Qd2 Qb6
51. Kb2 Qc5 52. Bf4 Qf5 53. Qc2 Kf6 54. Qxf5+ Kxf5 55. Bd2 Ke4 56. Kc2 Kd5
57. Kd3 Kc5 58. b4+ Kd5 59. Be1 Ke5 60. Kc4 Ke4 61. Bd2 Ke5 62. b5 Ke4 63.
b6 d3 64. b7 Kf3 65. b8=Q Ke2 66. Qd6 Kd1 67. Qxd3 {Black stalemated}
1/2-1/2

[Event "ICC Open 2015"]
[Site "Internet Chess Club"]
[Date "2015.05.30"]
[Round "10"]
[White "h13"]
[Black "mvillalba"]
[Result "0-1"]
[ICCResult "White checkmated"]
[WhiteElo "2549"]
[BlackElo "2305"]
[Opening "Queen's pawn game"]
[ECO "D00"]
[NIC "QP.07"]
[Time "20:36:58"]
[TimeControl "180+0"]

1. d4 Nf6 2. Nc3 d5 3. Bf4 g6 4. f3 Bg7 5. e4 dxe4 6. fxe4 O-O 7. Nf3 Bg4 8.
Bc4 Bxf3 9. gxf3 Nh5 10. Be3 Nc6 11. Ne2 Kh8 12. c3 f5 13. e5 Na5 14. Bd3 e6
15. Qd2 Nc6 16. Bg5 Ne7 17. Ng3 Nxg3 18. hxg3 Rf7 19. O-O-O Kg8 20. Rh3 c5
21. Rdh1 Bf8 22. Bc4 Qd7 23. dxc5 Nd5 24. Bxd5 exd5 25. Be3 Qe6 26. Bd4 Rc8
27. b4 b6 28. cxb6 axb6 29. Kd1 Ra8 30. Qh2 Raa7 31. Qc2 Rac7 32. Qb3 Rc4
33. Ke2 Bxb4 34. Qxb4 Rxb4 35. cxb4 Qc6 36. Rd1 Qc4+ 37. Rd3 Ra7 38. Ke3
Qc1+ 39. Rd2 Ra3+ 40. Ke2 Qc4+ 41. Kf2 Rxa2 42. Rxa2 Qxa2+ 43. Ke3 Qb3+ 44.
Ke2 Qc4+ 45. Ke3 Qxb4 46. Rh2 Qb3+ 47. Kf4 Qd3 48. Bxb6 d4 49. e6 Qe3#
{White checkmated}
0-1

[Event "ICC Open 2015"]
[Site "Internet Chess Club"]
[Date "2015.05.30"]
[Round "10"]
[White "blackmiura"]
[Black "Philidor"]
[Result "0-1"]
[ICCResult "White forfeits on time"]
[WhiteElo "1933"]
[BlackElo "2215"]
[Opening "Sicilian: Hungarian variation"]
[ECO "B34"]
[NIC "SI.33"]
[Time "20:36:29"]
[TimeControl "180+0"]

1. e4 c5 2. Nf3 g6 3. d4 cxd4 4. Nxd4 Nc6 5. Be3 Bg7 6. Nc3 Nf6 7. f3 O-O 8.
Qd2 d5 9. Nxc6 bxc6 10. O-O-O Be6 11. h4 dxe4 12. Qxd8 Rfxd8 13. fxe4 Ng4
14. Rxd8+ Rxd8 15. Bxa7 Bxc3 16. bxc3 Bxa2 17. Be2 Ne5 18. Bd4 f6 19. Bxe5
fxe5 20. Kb2 Be6 21. Ra1 Kg7 22. Ra6 Rd6 23. Ra7 Kf6 24. Rc7 h6 25. Bd3 g5
26. hxg5+ hxg5 27. c4 Bd7 28. Kc3 Be8 29. Rc8 Bg6 30. c5 Rd4 31. Rxc6+ Kg7
32. Rc7 Kf6 33. Rc6+ Kf7 34. Bc4+ Kg7 35. Bd3 Bxe4 36. Bxe4 Rxe4 37. Rc7 Kf6
38. c6 Re2 39. Rb7 Ke6 40. c7 Kd7 41. c8=Q+ Kxc8 42. Rxe7 Kd8 43. Rg7 Rxg2
44. Kd3 g4 45. Ke4 g3 46. Kxe5 Re2+ 47. Kd6 Rd2+ 48. Ke5 g2 49. Ke4 Rxc2 50.
Rg8+ Ke7 51. Rg7+ Kf6 52. Rg3 Rf2 53. Ke3 Ra2 54. Rg8 Ra3+
{White forfeits on time}
0-1

[Event "ICC Open 2015"]
[Site "Internet Chess Club"]
[Date "2015.05.30"]
[Round "10"]
[White "boobytrap"]
[Black "nadalthegreat"]
[Result "0-1"]
[ICCResult "White forfeits on time"]
[WhiteElo "1923"]
[BlackElo "1869"]
[Opening "Scotch game"]
[ECO "C45"]
[NIC "SO.05"]
[Time "20:36:56"]
[TimeControl "180+0"]

1. e4 e5 2. Nf3 Nc6 3. d4 exd4 4. Nxd4 Bc5 5. Be3 Qf6 6. c3 Nge7 7. Bc4 O-O
8. O-O a6 9. Kh1 d6 10. Be2 Re8 11. b4 Bb6 12. Na3 d5 13. f3 Ne5 14. Qd2
N7c6 15. Nac2 dxe4 16. fxe4 Qg6 17. Nf5 Bxf5 18. Rxf5 Rad8 19. Qe1 Bxe3 20.
Nxe3 Nd3 21. Qh4 Nce5 22. Raf1 c6 23. Bh5 Qe6 24. Bxf7+ Nxf7 25. Rxf7 Qxf7
26. Rxf7 Kxf7 27. Nf5 Rxe4 28. Qh5+ Kg8 29. h3 g6 30. Qg5 Re1+ 31. Kh2 Rf8
32. Nh6+ Kg7 33. Ng4 Nf2 34. Nxf2 Rxf2 35. Qd8 Rff1 36. Qd7+ Rf7 37. Qd4+
Rf6 38. Qd7+ Rf7 39. Qd4+ Kg8 40. Qd8+ Rf8 41. Qd4 Re7 42. Qc4+ Ref7 43. Qc5
Kg7 44. Qd6 b5 45. Qd4+ Rf6 46. Qd7+ Kh6 47. Qd4 R6f7 {White forfeits on
time} 0-1

[Event "ICC Open 2015"]
[Site "Internet Chess Club"]
[Date "2015.05.30"]
[Round "10"]
[White "playwaycool"]
[Black "Dictator"]
[Result "0-1"]
[ICCResult "White checkmated"]
[WhiteElo "2365"]
[BlackElo "2591"]
[Opening "Trompowsky attack (Ruth, Opocenský opening)"]
[ECO "A45"]
[NIC "QP.07"]
[Time "20:36:40"]
[TimeControl "180+0"]

1. d4 Nf6 2. Bg5 Ne4 3. Bf4 e5 4. dxe5 d5 5. f3 Nc5 6. Nd2 Nc6 7. Bg3 h5 8.
h4 g6 9. Nb3 Nxb3 10. axb3 Bg7 11. f4 d4 12. Nf3 Bf5 13. Qd2 O-O 14. O-O-O
Qd5 15. Nxd4 Nxd4 16. Qxd4 Qa5 17. Qa4 Qc5 18. e4 Qe3+ 19. Kb1 Bxe4 20. Bd3
Bxg2 21. Rhg1 Qxg3 22. Rd2 Bc6 23. Rxg3 Bxa4 24. bxa4 Rad8 25. Re2 Rd4 26.
e6 Rxf4 27. exf7+ R8xf7 28. Bxg6 R7f6 29. Re8+ Rf8 30. Rxf8+ Kxf8 31. Bxh5
Rxh4 32. Rf3+ Ke7 33. Rf7+ Kd6 34. Rxg7 Rxh5 35. b3 a5 36. Kb2 b6 37. Rg6+
Kc5 38. Rg3 Rh4 39. Rc3+ Kd6 40. Rd3+ Kc6 41. Kc3 Kb7 42. Re3 Rh5 43. Rd3
Rh4 44. Kb2 Rh5 45. Rd1 Rh4 46. Rf1 Rg4 47. Rf5 Rh4 48. Kc3 Rh3+ 49. Kd2 Rh4
50. Re5 Rh2+ 51. Kd3 Rh3+ 52. Re3 Rh4 53. Re4 Rh3+ 54. Kd2 Rh5 55. Rc4 Rh2+
56. Kc3 Rh3+ 57. Kb2 Rh5 58. Rc3 Rh2 59. Rd3 Kc6 60. Rc3+ Kb7 61. Rc4 Rh3
62. b4 axb4 63. Rxb4 Ka6 64. Rb5 Rh4 65. Kb3 Rh3+ 66. c3 Rh4 67. Rf5 Kb7 68.
Rf7 Rh5 69. Rf8 Ra5 70. Kb4 Rc5 71. Rf4 Ra5 72. Rc4 Rd5 73. Kb3 Ra5 74. Rb4
Rd5 75. Rb5 Rd3 76. Rb4 Rd1 77. Rc4 Rh1 78. Rd4 Rb1+ 79. Ka3 Rh1 80. Kb3
Rb1+ 81. Kc2 Rh1 82. Kb2 Rh2+ 83. Kb3 Rh3 84. Rc4 Rh5 85. Rd4 Ra5 86. Rb4
Rc5 87. Rd4 Rc6 88. Rc4 Re6 89. Rd4 Re5 90. Rc4 Ra5 91. Rd4 Rc5 92. Rb4 Rd5
93. Rb5 Rd6 94. Rb4 Rd1 95. Rc4 Rh1 96. Rd4 Rb1+ 97. Kc4 Rh1 98. Kb3 Rh5 99.
Rd2 Ra5 100. Ra2 Rc5 101. Kb4 Ka6 102. a5 Rxa5 103. Rxa5+ bxa5+ 104. Kc5 c6
105. c4 Ka7 106. Kd4 Kb6 107. Kc3 Kc5 108. Kb3 a4+ 109. Kc3 a3 110. Kb3 a2
111. Kxa2 Kxc4 112. Kb1 Kd3 113. Kc1 c5 114. Kd1 c4 115. Kc1 Kc3 116. Kb1
Kd2 117. Ka2 c3 118. Kb3 c2 119. Kc4 c1=Q+ 120. Kd5 Qc3 121. Ke4 Qc4+ 122.
Kf3 Qd4 123. Kg3 Qe4 124. Kf2 Qe3+ 125. Kf1 Qe2+ 126. Kg1 Ke3 127. Kh1 Kf3
128. Kg1 Qg2# {White checkmated} 0-1

[Event "ICC Open 2015"]
[Site "Internet Chess Club"]
[Date "2015.05.30"]
[Round "10"]
[White "guibiazotto"]
[Black "ROWLAND"]
[Result "1-0"]
[ICCResult "Black forfeits on time"]
[WhiteElo "1676"]
[BlackElo "1658"]
[Opening "Philidor's defense"]
[ECO "C41"]
[NIC "KP.10"]
[Time "20:37:15"]
[TimeControl "180+0"]

1. e4 e5 2. Nf3 d6 3. Bc4 Be7 4. d3 Nf6 5. Nc3 O-O 6. h3 Nc6 7. Bg5 Na5 8.
Bb3 Nxb3 9. axb3 h6 10. Bh4 Nxe4 11. Bxe7 Nxc3 12. Bxd8 Nxd1 13. Bxc7 Nxb2
14. Bxd6 Re8 15. Kd2 f6 16. Rhb1 Bd7 17. Rxb2 Bc6 18. Rba2 a6 19. Nh4 g5 20.
Nf5 Kh7 21. Re1 Bxg2 22. h4 Bc6 23. hxg5 hxg5 24. Ra5 Kg6 25. Ne7+ Kf7 26.
Nxc6 bxc6 27. Rea1 Red8 28. Bc7 Rd7 29. Bb6 e4 30. Rxa6 Re8 31. Ra7 Rxa7 32.
Rxa7+ Kg6 33. Bd4 exd3 34. Kxd3 g4 35. Rc7 Re6 36. Kc4 Kf5 37. Kc5 Ke4 38.
Be3 f5 39. Rxc6 Rxc6+ 40. Kxc6 f4 41. Ba7 Kf3 42. c4 Ke2 43. Kb5 g3 44. fxg3
fxg3 45. c5 g2 46. c6 Kf1 47. c7 g1=Q 48. Bf2 Qg5+ 49. Bc5
{Black forfeits on time}
1-0

[Event "ICC Open 2015"]
[Site "Internet Chess Club"]
[Date "2015.05.30"]
[Round "10"]
[White "eddington"]
[Black "noyb"]
[Result "0-1"]
[ICCResult "White forfeits on time"]
[WhiteElo "2153"]
[BlackElo "2007"]
[Opening "Caro-Kann: classical, Spassky variation"]
[ECO "B19"]
[NIC "CK.12"]
[Time "20:36:38"]
[TimeControl "180+0"]

1. e4 c6 2. d4 d5 3. Nc3 dxe4 4. Nxe4 Bf5 5. Ng3 Bg6 6. h4 h6 7. Nf3 Nd7 8.
h5 Bh7 9. Bd3 Bxd3 10. Qxd3 e6 11. Bd2 Ngf6 12. O-O-O Be7 13. Ne4 Nxe4 14.
Qxe4 Nf6 15. Qe2 O-O 16. Rhg1 Qd5 17. g4 Qxa2 18. c3 a5 19. Ne5 a4 20. Qc4
Qxc4 21. Nxc4 Nd7 22. Kc2 b5 23. Ne3 Rfd8 24. f4 Nb6 25. g5 hxg5 26. fxg5
Nd5 27. Ng4 Bd6 28. h6 g6 29. Rdf1 Ra7 30. Rh1 Kh7 31. Kb1 Rda8 32. Rf3 a3
33. b3 a2+ 34. Ka1 b4 35. c4 Nc3 36. Rhf1 Rf8 37. Nf6+ Kh8 38. Bxc3 bxc3 39.
Ne4 Ba3 40. Nxc3 Bb4 41. Ne4 Rd7 42. Rd1 e5 43. d5 cxd5 44. cxd5 Ba5 45.
Kxa2 Bb6 46. d6 Bd4 47. b4 Ra7+ 48. Kb3 Rfa8 49. Kc4 Rc8+ 50. Nc5 Ra2 51.
Rxd4 exd4 52. Kxd4 Rd2+ 53. Ke5 Re8+ 54. Kf6 Rxd6+ 55. Kxf7 Rdd8 56. Ne6 Rg8
57. Rf6 Ra8 58. Rxg6 Ra7+ 59. Kf6 Rxg6+ 60. Kxg6 Ra6 61. Kf6 Rb6 62. g6 Rb7
63. g7+ Kg8 64. Nf8 Rb6+ 65. Ne6 Rxb4 66. h7+ Kxh7 67. Kf7 Rb7+ 68. Kf6 Kg8
69. Kg6 Rb6 70. Kf6 Rb7 71. Kg6 Rd7 72. Kf6 Rd6 {White forfeits on time} 0-1

[Event "ICC Open 2015"]
[Site "Internet Chess Club"]
[Date "2015.05.30"]
[Round "10"]
[White "PajoPatak"]
[Black "Ramanip15"]
[Result "1-0"]
[ICCResult "Black forfeits on time"]
[WhiteElo "1688"]
[BlackElo "1889"]
[Opening "Sicilian: closed"]
[ECO "B23"]
[NIC "SI.44"]
[Time "20:36:59"]
[TimeControl "180+0"]

1. e4 c5 2. Nc3 g6 3. d4 cxd4 4. Qxd4 Nf6 5. Nf3 Nc6 6. Qa4 Bg7 7. e5 Ng4 8.
Qxg4 d6 9. Qa4 dxe5 10. Bg5 Bd7 11. Rd1 Nd4 12. Bb5 Nxb5 13. Nxb5 O-O 14.
Qb3 Qa5+ 15. Nc3 Be6 16. Qb5 Qc7 17. O-O e4 18. Nd4 Bc4 19. Qb4 Bxf1 20.
Rxf1 Qe5 21. Bxe7 Qxd4 22. Bxf8 Rxf8 23. Qxd4 Bxd4 24. Nxe4 Bxb2 25. Rb1 Rd8
26. g3 Bd4 27. Rxb7 Bb6 28. Ng5 Rd2 29. Ne4 Rxc2 30. Rb8+ Kg7 31. Rb7 Rxa2
32. Ng5 Kf6 33. h4 Rxf2 34. Rxf7+ Ke5 35. Rxf2 Bxf2+ 36. Kxf2 a5 37. Nf3+
Ke4 38. Nd2+ Kd3 39. Nb3 a4 40. Nc5+ Kc4 41. Nxa4 Kb3 42. Nc5+ Kc4 43. Ne6
Kd5 44. Ng5 h6 45. Nf7 h5 46. Kf3 Ke6 47. Ng5+ Kf5 48. Ne4 Ke5 49. Nc5 Kf5
50. Ne4 Ke5 51. Ng5 {Black forfeits on time} 1-0

[Event "ICC Open 2015"]
[Site "Internet Chess Club"]
[Date "2015.05.30"]
[Round "10"]
[White "VerdeNotte"]
[Black "LastKeks"]
[Result "1-0"]
[ICCResult "Black forfeits on time"]
[WhiteElo "2879"]
[BlackElo "3052"]
[Opening "Benko's opening"]
[ECO "A00"]
[NIC "EO.24"]
[Time "20:36:59"]
[TimeControl "180+0"]

1. g3 e5 2. c4 Nf6 3. Bg2 Bc5 4. Nc3 O-O 5. e3 d6 6. Nf3 a5 7. O-O Nc6 8. d4
exd4 9. exd4 Ba7 10. Bg5 h6 11. Bxf6 Qxf6 12. Nd5 Qd8 13. h3 Be6 14. Re1
Bxd5 15. cxd5 Ne7 16. Qb3 Bb6 17. a4 Qd7 18. Re4 Rfe8 19. Rae1 Nf5 20. h4
Nxd4 21. Nxd4 Bxd4 22. Qxb7 Bb6 23. Qc6 Qxc6 24. dxc6 Rxe4 25. Bxe4 Bd4 26.
Bd5 Kf8 27. b3 g5 28. h5 Rb8 29. Kg2 Be5 30. Re4 f5 31. Re3 Rb4 32. Rf3 f4
33. Rd3 Ke7 34. Kf3 g4+ 35. Ke2 f3+ 36. Ke1 Kf6 37. Bc4 Rb8 38. Kd2 Kg5 39.
Rd5 Ra8 40. Rb5 Kxh5 41. Rb7 Rc8 42. Be6 Rf8 43. Rxc7 d5 44. Rf7 Rxf7 45.
Bxf7+ Kg5 46. b4 Bc7 47. bxa5 Bxa5+ 48. Kd1 d4 49. Kc2 h5 50. Kd3 Bb6 51.
Bb3 h4 52. gxh4+ Kxh4 53. Ke4 Kh3 54. Kf5 g3 55. fxg3 d3 56. Kf4 f2 57. Be6+
Kh2 58. Ke5 f1=Q 59. Kd6 Qe2 60. c7 Bxc7+ 61. Kd7 Qxe6+ 62. Kxe6
{Black forfeits on time}
1-0

[Event "ICC Open 2015"]
[Site "Internet Chess Club"]
[Date "2015.05.30"]
[Round "10"]
[White "blackdaysrook"]
[Black "Asmodeus"]
[Result "1/2-1/2"]
[ICCResult "Game drawn because neither player has mating material"]
[WhiteElo "1709"]
[BlackElo "1893"]
[Opening "Caro-Kann: classical variation"]
[ECO "B18"]
[NIC "CK.10"]
[Time "20:36:48"]
[TimeControl "180+0"]

1. e4 c6 2. d4 d5 3. Nc3 dxe4 4. Nxe4 Bf5 5. Ng3 Bg6 6. N1e2 e6 7. Nf4 Bd6
8. Be2 Nf6 9. h4 Bxf4 10. Bxf4 h6 11. h5 Bh7 12. c3 Nbd7 13. Qb3 Qb6 14. Bd6
Qxb3 15. axb3 Nb6 16. c4 Kd7 17. Bc5 Ne4 18. Nxe4 Bxe4 19. O-O Rhd8 20. f3
Bh7 21. Rad1 Ke8 22. g4 Nd7 23. Bb4 b6 24. f4 Bc2 25. Rd2 Bxb3 26. g5 c5 27.
dxc5 Nxc5 28. Rxd8+ Rxd8 29. Bc3 Kf8 30. f5 hxg5 31. f6 gxf6 32. Rxf6 Ne4
33. Bb4+ Kg7 34. Rf3 f5 35. Rxb3 Kh6 36. Ra3 Rd7 37. Bf3 g4 38. Bxe4 fxe4
39. c5 bxc5 40. Bxc5 Kxh5 41. Rxa7 Rd5 42. Be3 g3 43. Kg2 Kg4 44. Rg7+ Kf5
45. Kxg3 Rd3 46. Rg5+ Kf6 47. Kf2 Rxe3 48. Kxe3 Kxg5 49. Kxe4 Kf6 50. b4 Ke7
51. b5 Kd6 52. Kd4 e5+ 53. Ke4 Ke6 54. b6 Kd6 55. b7 Kc7 56. Kxe5 Kb8 57.
Kd6 Kxb7 {Game drawn because neither player has mating material} 1/2-1/2

[Event "ICC Open 2015"]
[Site "Internet Chess Club"]
[Date "2015.05.30"]
[Round "10"]
[White "NachoAverageKid"]
[Black "brizito"]
[Result "1-0"]
[ICCResult "Black checkmated"]
[WhiteElo "2227"]
[BlackElo "1779"]
[Opening "Sicilian: closed"]
[ECO "B23"]
[NIC "SI.44"]
[Time "20:36:57"]
[TimeControl "180+0"]

1. e4 c5 2. Nc3 e6 3. g3 Nc6 4. Bg2 Nf6 5. d3 d5 6. Bg5 d4 7. Nce2 Be7 8.
Nf3 O-O 9. O-O e5 10. c3 h6 11. Bxf6 Bxf6 12. Qc2 Bg4 13. h3 Bxf3 14. Bxf3
a6 15. cxd4 cxd4 16. Rac1 Qd6 17. a3 Bg5 18. Rb1 Qg6 19. Bg4 h5 20. Bf5 Qd6
21. h4 Bh6 22. Kh2 g6 23. Bh3 Rad8 24. Qb3 Qe7 25. f4 Kg7 26. f5 Qc7 27. Ng1
Be3 28. Nf3 Qe7 29. Qc2 gxf5 30. Bxf5 Rg8 31. b4 Kh6 32. b5 axb5 33. Rxb5 f6
34. Qb3 Qg7 35. Ng5 Bxg5 36. Rxb7 Bxh4 37. Rxg7 Rxg7 38. gxh4 Rdg8 39. Rf2
Rg1 40. Qe6 Nd8 41. Qxf6+ R8g6 42. Bxg6 Rxg6 43. Qh8# {Black checkmated} 1-0